 Dungeon Crawl Stone Soup version 0.32-a0-918-g0f22ef8d61 (webtiles) character file.

Game seed: 16901284696069574808

1770326 ragingrage the Marksgoblin (level 27, 222/222 HPs)
             Began as a Coglin Hunter on Apr 12, 2024.
             Was a High Priest of Okawaru.
             Escaped with the Orb
             ... and 3 runes!
             The game lasted 01:08:15 (60069 turns).

ragingrage the Marksgoblin (Coglin Hunter)         Turns: 60069, Time: 01:08:16

Health: 222/222    AC: 18    Str: 15    XL:     27
Magic:  30/30      EV: 38    Int: 10    God:    Okawaru [*****.]
Gold:   3190       SH:  0    Dex: 37    Spells: 26/38 levels left

rFire   + . .        j - +9 hand cannon (elec) {Caihong}
rCold   + . .        c - +9 hand cannon (drain) {Wira}
rNeg    . . .        X - +2 robe {rC+ rF+}
rPois   +            U - +2 hat of Analysis {Will- Regen+ Dex+7}
rElec   +            b - +2 cloak {rPois}
rCorr   .            J - +2 pair of gloves {Str+3}
SInv    .            f - +2 pair of boots
Will    ++...        (amulet unavailable)
Stlth   +++          (ring unavailable)
HPRegen 1.37/turn    (ring unavailable)
MPRegen 0.22/turn    Q - recursive transmogrifier {rElec Will+ Clar RMsl}

%: repel missiles, clarity
@: studying 2 skills, revving
A: off-hand wielding, slow wielding, warmup strikes, no jewellery, horns 1, low
MP 1, MP-powered wands
0: Orb of Zot
}: 3/15 runes: decaying, serpentine, slimy
a: Renounce Religion, Heroism, Finesse, Duel


You escaped.
You worshipped Okawaru.
Okawaru was extremely pleased with you.
You visited 11 branches of the dungeon, and saw 52 of its levels.
You visited the Abyss 1 time.
You visited 1 bazaar.
You also visited: Trove, Ossuary, Bailey, Gauntlet and Wizlab.

You collected 7013 gold pieces.
You spent 3823 gold pieces at shops.

Inventory:

Hand Weapons
 c - a +9 hand cannon of draining (offhand) {Wira}
 j - a +9 hand cannon of electrocution (weapon) {Caihong}
Missiles
 P - 2 curare-tipped darts
 R - 2 throwing nets
Armour
 b - a +2 cloak of poison resistance (worn)
 f - a +2 pair of boots (worn)
 D - a +2 cloak of stealth
 J - a +2 pair of gloves of strength (worn)
 U - the +2 hat of Analysis (worn) {Will- Regen+ Dex+7}
   (Okawaru gifted it to you on level 1 of the Snake Pit)

   Dex+7:     It affects your dexterity (+7).
   Will-:     It decreases your willpower.
   Regen+:    It increases your rate of health regeneration.
 X - a +2 robe of resistance (worn)
 Y - a +3 leather armour of fire resistance
Gizmo
 Q - a recursive transmogrifier (installed) {rElec Will+ Clar RMsl}
   (You invented it yourself on level 4 of the Lair of Beasts)

   [recursive transmogrifier]

   rElec:     It insulates you from electricity.
   Will+:     It increases your willpower.
   Clar:      It protects you from confusion, rage, mesmerisation and fear.
   RMsl:      It protects you from missiles.
Wands
 i - a wand of quicksilver (29)
 m - a wand of digging (2)
 q - a wand of paralysis (29)
 C - a wand of flame (172)
 G - a wand of warping (64)
 I - a wand of polymorph (43)
 K - a wand of mindburst (40)
Scrolls
 a - a scroll of brand weapon
 k - a scroll of enchant weapon
 l - 9 scrolls of enchant armour
 o - 17 scrolls of amnesia
 p - 3 scrolls of blinking
 r - 4 scrolls of fear
 s - 14 scrolls of fog
 t - 9 scrolls of immolation
 u - 6 scrolls of poison
 v - 9 scrolls of revelation
 w - 22 scrolls of teleportation
 x - 13 scrolls of noise
 y - 13 scrolls of vulnerability
 Z - a scroll of silence
Potions
 d - 12 potions of haste
 e - 14 potions of curing
 g - a potion of experience
 h - 8 potions of magic
 n - 2 potions of resistance
 z - 7 potions of attraction
 A - 10 potions of brilliance
 B - 3 potions of cancellation
 E - 9 potions of enlightenment
 F - 9 potions of heal wounds
 H - 7 potions of invisibility
 O - 10 potions of might
 S - 6 potions of lignification
 T - 3 potions of berserk rage
 W - 10 potions of mutation
Miscellaneous
 L - a lightning rod (4/4)
 V - a phial of floods


   Skills:
 - Level 19.5 Fighting
 - Level 19.9 Ranged Weapons
 + Level 14.2 Armour
 + Level 19.1 Dodging
 + Level 15.2 Stealth
 - Level 6.0 Spellcasting
 - Level 8.0 Hexes
 - Level 8.0 Necromancy
 - Level 10.0 Translocations
 - Level 5.0 Air Magic
 + Level 14.1 Invocations
 + Level 19.3 Evocations


You had 26 spell levels left.
You knew the following spells:

 Your Spells              Type           Power      Damage    Failure   Level
a - Fugue of the Fallen   Necr           19%        N/A       2%          3
b - Vhi's Electric Charg  Tloc/Air       36%        N/A       10%         4
c - Apportation           Tloc           46%        N/A       1%          1
f - Dimensional Bullseye  Hex/Tloc       10%        N/A       4%          4

Your spell library contained the following spells:

 Spells                   Type           Power      Damage    Failure   Level
 Necrotise                Necr           76%        1d7       1%          1
 Jinxbite                 Hex            38%        N/A       1%          2
 Lesser Beckoning         Tloc           46%        N/A       1%          2
 Sublimation of Blood     Necr           19%        N/A       1%          2
 Maxwell's Portable Pile  Tloc           23%        2d(7-20)  1%          3
 Teleport Other           Tloc           23%        N/A       1%          3
 Passage of Golubria      Tloc           23%        N/A       3%          4
 Ensorcelled Hibernation  Hex/Ice        22%        N/A       6%          2
 Volatile Blastmotes      Fire/Tloc      26%        2d12      8%          3
 Anguish                  Hex/Necr       9%         N/A       8%          4
 Mercury Vapours          Alch/Air       16%        N/A       11%         2
 Dazzling Flash           Conj/Hex       22%        N/A       12%         3
 Inner Flame              Hex/Fire       11%        N/A       12%         3
 Foxfire                  Conj/Fire      12%        2x1d4     21%         1
 Sandblast                Erth           6%         2d5       21%         1
 Sting                    Conj/Alch      12%        1d3       21%         1
 Curse of Agony           Necr           19%        N/A       22%         5
 Iskenderun's Mystic Bla Conj/Tloc 13%            2d5        (+2d2     26%         4
 Mephitic Cloud           Conj/Alch/Air  6%         N/A       32%         3
 Silence                  Hex/Air        8%         N/A       36%         5
 Dispersal                Tloc           11%        N/A       45%         6
 Gell's Gavotte           Tloc           11%        2d(16-24) 45%         6
 Stone Arrow              Conj/Erth      6%         3d7       52%         3
 Borgnjor's Vile Clutch   Necr/Erth      5%         N/A       73%         5
 Metabolic Englaciation   Hex/Ice        5%         N/A       73%         5
 Yara's Violent Unravell  Hex/Alch       5%         3d4       73%         5
 Brom's Barrelling Bould  Conj/Erth      3%         2d3       90%         4
 Fulminant Prism          Conj/Alch      1%         3d5       90%         4
 Ignite Poison            Fire/Alch      3%         N/A       90%         4
 Leda's Liquefaction      Alch/Erth      1%         N/A       90%         4
 Olgreb's Toxic Radiance  Alch           3%         N/A       90%         4
 Petrify                  Alch/Erth      3%         N/A       90%         4
 Arcjolt                  Conj/Air       4%         1d14      90%         5
 Freezing Cloud           Conj/Ice/Air   3%         6-21      96%         5
 Manifold Assault         Tloc           11%        N/A       96%         7
 Alistair's Intoxication  Alch           2%         N/A       99%         5
 Irradiate                Conj/Alch      1%         3d12      99%         5
 Lee's Rapid Deconstruct  Erth           1%         3d4*      99%         5
 Permafrost Eruption      Ice/Erth       1%         2x4d2     100%        6
 Plasma Beam              Fire/Air       4%         2x1d14    100%        6
 Starburst                Conj/Fire      1%         6d3       100%        6
 Enfeeble                 Hex            9%         N/A       100%        7
 Disjunction              Tloc           11%        N/A       100%        8
 Ignition                 Fire           1%         3d3       100%        8
 Maxwell's Capacitive Co  Air            6%         ∞         100%        8
 Chain Lightning          Conj/Air       4%         3d5       100%        9
 Fire Storm               Conj/Fire      1%         8d1       100%        9
 Shatter                  Erth           1%         3d6*      100%        9
 Tukima's Dance           Hex            Unusable   N/A       N/A         3
 Animate Dead             Necr           Unusable   N/A       N/A         4
 Summon Small Mammal      Summ           Unusable   N/A       N/A         1
 Call Imp                 Summ           Unusable   N/A       N/A         2
 Summon Mana Viper        Hex/Summ       Unusable   N/A       N/A         5
 Death Channel            Necr           Unusable   N/A       N/A         6
 Summon Blazeheart Golem  Fire/Summ      Unusable   N/A       N/A         4
 Summon Hydra             Summ           Unusable   N/A       N/A         7

Dungeon Overview and Level Annotations

Branches:
Dungeon (15/15)            Temple (1/1) D:6            Lair (5/5) D:11
  Swamp (4/4) Lair:3        Snake (4/4) Lair:3        Slime (5/5) Lair:4
    Orc (2/2) D:9             Elf (3/3) Orc:2        Vaults (4/5) D:14
  Crypt (0/3) Vaults:2     Depths (4/4) D:15            Zot (5/5) Depths:4
Ossuary (visited)          Bailey (visited)          WizLab (visited)
Gauntlet (visited)

Altars:
Ashenzari
Cheibriados
Dithmenos
Elyvilon
Fedhas
Gozag
Hepliaklqana
Kikubaaqudgha
Makhleb
Nemelex Xobeh
Okawaru
Qazlal
Ru
Sif Muna
Trog
Uskayaw
Vehumet
Wu Jian
Xom
Yredelemnul
Zin
The Shining One
Beogh
Jiyva

Shops:
D:8 (   D:12 !   D:13 [   D:15 !   Orc:1 !   Orc:2 (![?   Elf:3 *   Snake:2 **
Snake:3 :==   Vaults:2 (   Vaults:3 *   Depths:3 :

Portals:
Hell: Depths:1 Depths:2 Depths:3 Depths:4
Abyss: Depths:1 Depths:3
Pandemonium: Depths:1 Depths:2
Ziggurat: Depths:2

Annotations:
Swamp:3 exclusion: downstairs
Slime:4 exclusion: downstairs
Vaults:2 3 runed translucent doors, Ruxt's ghost, adept MiFi
Depths:3 3 runed translucent doors
Zot:1 exclusion: downstairs
Zot:5 2 exclusions


Innate Abilities, Weirdness & Mutations

You can wield a second weapon in your off-hand.
It takes a long time for you to wield or remove held weapons.
Your first few attacks do less damage.
You cannot equip rings or amulets.
You have a pair of small horns on your head.
Your magical capacity is low. (-10% MP)
You expend magic power (3 MP) to strengthen your wands.


Message History

You climb upwards.
There is a stone staircase leading down here.
You see here a rat skeleton.
There is a stone staircase leading up here.
You climb upwards.
There is a stone staircase leading down here.
A daeva comes into view.
It is wielding a +3 scimitar of holy wrath.
Okay, then.
Throw: 3 throwing nets
Press: ? - help, Shift-Dir - straight line, f - daeva
Aim: a daeva, wielding a +3 scimitar of holy wrath and wearing a +0 tower shield (haloed, 72% to hit)
You throw a throwing net. The throwing net hits the daeva.
The daeva is caught in the net!
The daeva calls down the wrath of the Shining One upon you.
The Shining One smites you!
The daeva struggles against the net.
The daeva struggles against the net.
(D) Dungeon (T) Temple (L) Lair (S) Swamp (P) Snake Pit (M) Slime Pits (O) Orcish Mines (E) Elven Halls (V) Vaults (C) Crypt (U) Depths (H) Hell (Z) Zot
Where to? (Tab/Enter - D:1 @ (x,y), ? - help)
What level of the Dungeon? (default 1, ? - help)
A daeva is nearby!
(D) Dungeon (T) Temple (L) Lair (S) Swamp (P) Snake Pit (M) Slime Pits (O) Orcish Mines (E) Elven Halls (V) Vaults (C) Crypt (U) Depths (H) Hell (Z) Zot
Where to? (Tab/Enter - D:1 @ (x,y), ? - help)
What level of the Dungeon? (default 1, ? - help)
An ice devil comes into view.
You shoot a slug. The slug hits the ice devil.
You shoot a slug. The slug hits the ice devil!
You shoot a slug. The slug hits the ice devil!
You shoot a slug. The slug hits the ice devil!!!
You kill the ice devil!
Okawaru accepts your kill.
No target in view!
No target in view!
There is a staircase leading out of the dungeon here.
You have escaped!

#####.............##
###.......#######.....
##......###.......###..
#....###.............##
##...#......#######.....
#...#..)..### ###...
#...#..○.## ##..
#...#.○..## ##..
#...#..@..### ###...
##...#......#######.....
#....###.......).....##
##......###.......###..
###.......#######.....
#####.............##
#...###############
#.....# #..# #.....#
#..#


There were no monsters in sight!

Vanquished Creatures
  the Royal Jelly (Slime:5)
  2 orbs of fire
  4 juggernauts
  Vashnia (Snake:4)
  the Lernaean hydra (Swamp:4)
  A curse toe (Zot:3)
  2 caustic shrikes (Depths:1)
  5 golden dragons
  A bone dragon (Depths:4)
  Nikola (Vaults:1)
  A Tzitzimitl (Depths:4)
  Jorgrun (Orc:2)
  22 tentacled monstrosities
  Rupert (Lair:3)
  An Orb Guardian (D:4)
  An Ice Fiend (D:9)
  Mlioglotl (Snake:3)
  A lich (Depths:2)
  5 quicksilver dragons
  2 deep elf master archers (Elf:3)
  A walking frostbound tome (Depths:2)
  8 sphinxes
  23 acid blobs
  3 deep elf blademasters
  3 titans
  The ghost of Xewisus the Warrior, an adept CoBe of Trog (Snake:2)
  Gastronok (Lair:3)
  10 death cobs
  6 shadow dragons
  6 tengu reavers
  16 azure jellies
  12 storm dragons
  Donald (Snake:3)
  7 nagarajas
  Roxanne (Swamp:3)
  10 rockslimes
  3 fenstrider witches
  9 fire giants
  A draconian knight (Zot:3)
  8 draconian monks
  3 draconian scorchers
  6 protean progenitors
  18 vault wardens
  An iron dragon (Depths:3)
  7 draconian shifters
  6 deep elf elementalists (Elf:3)
  6 deep elf sorcerers
  Louise (Swamp:2)
  10 ironbound preservers
  10 frost giants
  6 ghost moths
  9 quicksilver oozes
  6 draconian annihilators
  3 spriggan defenders
  3 formless jellyfish
  4 very ugly things
  3 demonspawn corrupters (WizLab)
  5 orc warlords
  A cacodemon (Depths:1)
  9 stone giants
  8 deep elf demonologists (Elf:3)
  3 grey draconians (Zot:1)
  2 draconian stormcallers
  4 ironbound thunderhulks
  2 vampire knights
  5 black draconians
  7 deep elf death magi (Elf:3)
  5 eleionomae
  10 green draconians
  3 bunyips
  A minotaur (Gauntlet)
  5 white draconians
  10 spark wasps
  12 dire elephants
  13 purple draconians
  4 deep elf annihilators (Elf:3)
  6 red draconians
  9 yellow draconians
  15 ettins
  3 crystal guardians (Vaults:4)
  2 merfolk javelineers
  8 fire dragons
  Fannar (Lair:3)
  6 yaktaur captains
  8 ice dragons
  4 deep elf high priests
  14 great orbs of eyes
  A salamander tyrant (Snake:4)
  18 hydras
  2 ogre magi
  3 peacekeepers (Vaults:4)
  7 vault guards
  2 ghost crabs
  3 rakshasas
  10 anacondas
  3 spriggan air magi
  14 ironbound frosthearts
  9 two-headed ogres
  3 catoblepae
  11 centaur warriors
  2 death knights (Vaults:2)
  34 dancing weapons
  8 alligators
  2 boulder beetles
  7 death yaks
  10 tengu warriors
  2 deep troll shamans
  A vampire mage (Depths:3)
  5 deep troll earth magi
  Urug (D:12)
  5 orc high priests
  2 hell knights
  7 occultists
  16 naga sharpshooters
  13 naga warriors
  8 shock serpents
  5 spriggan berserkers
  17 deep elf knights
  12 spriggans
  Nergalle (D:11)
  A sixfirhy (Depths:1)
  3 iron trolls
  A shadow wraith (Vaults:2)
  A salamander mystic (Snake:3)
  10 deep elf archers
  32 deep trolls
  5 glowing orange brains
  A flayed ghost (D:15)
  8 mana vipers
  10 arcanists
  2 goliath frogs (Swamp:1)
  4 spriggan druids
  13 swamp dragons
  4 naga ritualists
  5 lindwurms
  2 phantasmal warriors (Vaults:2)
  13 bog bodies
  12 ironbound convokers
  7 necromancers
  10 thermic dynamos
  15 orc knights
  20 deep elf pyromancers
  22 deep elf zephyrmancers
  10 orc sorcerers
  A salamander (shapeshifter) (D:14)
  17 ugly things
  A wolf spider (Lair:3)
  3 shining eyes
  2 fauns (shapeshifter)
  4 oklob plants (Lair:4)
  A worldbinder (WizLab)
  5 cyclopes
  3 manticores
  A will-o-the-wisp (Swamp:3)
  Maurice (D:12)
  12 salamanders
  27 moths of wrath
  4 elephants (Lair:5)
  4 kobold blastminers
  12 naga magi
  A rust devil (Depths:1)
  6 meliai
  2 large abominations (Gauntlet)
  A water nymph (WizLab)
  2 eyes of devastation
  4 guardian serpents
  16 vault sentinels
  32 black mambas
  10 cane toads
  2 orange demons (Depths:1)
  A gargoyle (D:12)
  2 efreet (D:14)
  Maggie (D:9)
  An unseen horror (D:11)
  5 tengu conjurers
  3 komodo dragons (Lair:5)
  3 kobold demonologists
  35 yaktaurs
  A rime drake (Lair:3)
  3 red devils (D:10)
  An ice devil (D:1)
  2 bloated husks (Swamp:1)
  11 trolls
  8 tyrant leeches
  4 polar bears
  3 glass eyes
  13 hornets
  A raiju (shapeshifter) (Depths:3)
  Prince Ribbit (D:5)
  4 dream sheep (Lair:3)
  8 blink frogs
  A snapping turtle (shapeshifter) (Depths:2)
  2 shadows
  2 centaur simulacra (Gauntlet)
  Sigmund (D:5)
  124 slime creatures
  9 wyverns
  A vampire (D:11)
  8 water elementals
  36 yaks
  An air elemental (Elf:1)
  A wraith (D:13)
  A yak (shapeshifter) (Elf:1)
  Grum (D:9)
  4 basilisks
  3 steam dragons
  8 wargs
  7 fire elementals
  14 swamp worms
  40 nagas
  A two-headed ogre zombie (D:9)
  The ghost of BigDaddyOpFi the Trooper, an amateur KoFi of Okawaru (D:3)
  3 small abominations (Gauntlet)
  An acid dragon (D:11)
  10 water moccasins
  10 black bears
  2 ice beasts (D:7)
  2 laughing skulls (D:15)
  48 orc warriors
  10 swamp drakes (Swamp:4)
  2 sky beasts
  11 ogres
  A boggart (WizLab)
  31 wolves
  A black bear (shapeshifter) (D:14)
  2 phantoms
  9 centaurs
  2 gnoll sergeants (D:9)
  13 bullfrogs
  2 earth elementals
  5 scorpions
  2 burial acolytes (Ossuary)
  9 wights
  A hornet simulacrum (Gauntlet)
  8 killer bees
  A troll zombie (D:9)
  16 howler monkeys
  5 electric eels
  3 bombardier beetles
  A centaur zombie (Ossuary)
  2 jellies
  21 orc priests
  5 hounds
  Crazy Yiuf (D:4)
  3 sleepcaps (D:6)
  Jessica (D:2)
  6 iguanas
  28 orc wizards
  6 ogre zombies (D:9)
  5 mummies (Ossuary)
  5 gnolls (Bailey)
  4 adders
  A white imp (D:8)
  2 ufetubi (D:6)
  6 dart slugs
  81 orcs
  2 ball pythons
  16 endoplasms
  6 giant cockroaches
  13 goblins
  12 hobgoblins
  11 jackals
  4 quokkas
  5 bats
  A frilled lizard (D:1)
  2 gnoll skeletons (D:9)
  9 gnoll zombies
  6 kobolds
  2 kobold zombies (Ossuary)
  5 orc skeletons (D:9)
  14 orc zombies
  8 rats
  An aspiring flesh (Zot:1)
1983 creatures vanquished.

Vanquished Creatures (others)
  A water elemental (Elf:3)
  A goblin (D:4)
  2 foxfires (Swamp:3)
4 creatures vanquished.

Grand Total: 1987 creatures vanquished

Notes
Turn   | Place    | Note
-------+----------+-------------------------------------------
     0 | D:1      | ragingrage the Coglin Hunter began the quest for the Orb.
     0 | D:1      | Reached XP level 1. HP: 16/16 MP: 1/1
    75 | D:1      | Reached skill level 1 in Stealth
   104 | D:1      | Reached XP level 2. HP: 22/22 MP: 2/2
   706 | D:1      | You fall into a shaft and drop 1 floor!
   740 | D:2      | Noticed Jessica
   742 | D:2      | Killed Jessica
   743 | D:2      | Reached XP level 3. HP: 27/27 MP: 3/3
   782 | D:2      | Reached XP level 4. HP: 33/33 MP: 4/4
  1535 | D:2      | Reached skill level 5 in Ranged Weapons
  1743 | D:3      | Reached XP level 5. HP: 23/38 MP: 5/5
  1864 | D:3      | Found a faded altar of an unknown god.
  2257 | D:3      | Found a runed translucent door.
  2319 | D:3      | Found an ornate altar of the Wu Jian Council.
  2591 | D:3      | Found a sparkling altar of Nemelex Xobeh.
  2720 | D:3      | Noticed BigDaddyOpFi's ghost (amateur KoFi)
  2751 | D:4      | Noticed a black bear
  2789 | D:4      | Found a shimmering altar of Xom.
  2870 | D:4      | Reached XP level 6. HP: 44/44 MP: 6/6
  2886 | D:4      | Found a hide-covered altar of Uskayaw.
  2886 | D:4      | Found a white marble altar of Elyvilon.
  2972 | D:4      | Found a sand-covered staircase.
  2981 | Ossuary  | Entered an ossuary
  3002 | Ossuary  | Gained mutation: You expend magic power (3 MP) to
                  | strengthen your wands. [potion of mutation]
  3002 | Ossuary  | Gained mutation: You have a pair of small horns on your
                  | head. [potion of mutation]
  3183 | Ossuary  | Reached XP level 7. HP: 43/50 MP: 7/7
  3883 | D:4      | Found a runed translucent door.
  3884 | D:4      | Noticed Crazy Yiuf
  4069 | D:5      | Entered Level 5 of the Dungeon
  4398 | D:5      | Noticed Sigmund
  4404 | D:5      | Killed Sigmund
  4405 | D:5      | Reached XP level 8. HP: 56/56 MP: 4/8
  4423 | D:5      | Reached skill level 1 in Evocations
  4513 | D:5      | Noticed Prince Ribbit
  4759 | D:5      | Killed Prince Ribbit
  4853 | D:5      | Reached skill level 5 in Evocations
  4904 | D:5      | Reached skill level 10 in Ranged Weapons
  4909 | D:5      | Reached XP level 9. HP: 59/61 MP: 9/9
  5608 | D:6      | Found a shimmering blue altar of Sif Muna.
  5671 | D:6      | Found a blossoming altar of Fedhas.
  5787 | D:6      | Found a staircase to the Ecumenical Temple.
  5808 | D:6      | Found a broken altar of Ashenzari.
  7328 | D:7      | Reached XP level 10. HP: 55/67 MP: 10/10
  7465 | Temple   | Entered the Ecumenical Temple
  7482 | Temple   | Became a worshipper of Warmaster Okawaru
  8265 | D:7      | Reached * piety under Okawaru
  8599 | D:8      | Found a flagged portal.
  8602 | D:8      | Noticed a boulder beetle
  8627 | D:8      | Killed a boulder beetle
  8746 | Bailey   | Entered a bailey
  9005 | Bailey   | Reached ** piety under Okawaru
  9190 | Bailey   | Noticed a kobold demonologist
  9194 | Bailey   | Killed a kobold demonologist
  9326 | Bailey   | Reached skill level 1 in Invocations
  9768 | Bailey   | Found an iron altar of Okawaru.
  9768 | Bailey   | Noticed an orc high priest
  9769 | Bailey   | Noticed a rust devil
  9770 | Bailey   | Noticed an orange demon
  9984 | Bailey   | Reached XP level 11. HP: 58/77 MP: 12/12
 10143 | Bailey   | Acquired a +3 hand cannon of draining
 10168 | Bailey   | Noticed an orc knight
 10174 | Bailey   | Killed an orc knight
 10258 | Bailey   | Killed an orc high priest
 10258 | Bailey   | Reached *** piety under Okawaru
 10488 | Bailey   | Acquired a manual of Fighting
 10524 | D:8      | Found a glowing silver altar of Zin.
 10633 | D:8      | Found Qeat's Weapon Shop.
 11019 | D:9      | Found a roughly hewn altar of Beogh.
 11029 | D:9      | Reached skill level 5 in Fighting
 11050 | D:9      | Found a snail-covered altar of Cheibriados.
 11176 | D:9      | Found a staircase to the Orcish Mines.
 11189 | D:9      | Reached **** piety under Okawaru
 11257 | D:9      | Noticed Grum
 11266 | D:9      | Killed Grum
 11275 | D:9      | Noticed Maggie
 11282 | D:9      | Killed Maggie
 11742 | D:9      | Found a shadowy altar of Dithmenos.
 11745 | D:9      | Found a stormy altar of Qazlal.
 12058 | D:9      | Reached skill level 5 in Dodging
 12147 | Orc:1    | Entered Level 1 of the Orcish Mines
 12151 | Orc:1    | Noticed an orc sorcerer
 12153 | Orc:1    | Killed an orc sorcerer
 12154 | Orc:1    | Noticed an orc knight
 12189 | D:10     | Entered Level 10 of the Dungeon
 12214 | D:10     | Noticed a two-headed ogre
 12218 | D:10     | Killed a two-headed ogre
 12218 | D:10     | Reached ***** piety under Okawaru
 12245 | D:10     | Reached XP level 12. HP: 68/91 MP: 15/15
 12665 | D:10     | Found a basalt altar of Yredelemnul.
 12685 | D:10     | Noticed a two-headed ogre
 12688 | D:10     | Killed a two-headed ogre
 12897 | D:11     | Found a gate leading to a gauntlet.
 12903 | D:11     | Received a gift from Okawaru
 12965 | Gauntlet | Entered a Gauntlet
 12965 | Gauntlet | Found a transporter.
 12965 | Gauntlet | Found a transporter.
 12969 | Gauntlet | Noticed a soul eater
 12990 | Gauntlet | Found a transporter.
 12993 | Gauntlet | Found a transporter.
 12993 | Gauntlet | Found a transporter.
 12994 | Gauntlet | Found a transporter.
 13005 | Gauntlet | Found a transporter.
 13007 | Gauntlet | Found a transporter.
 13009 | Gauntlet | Noticed a death scarab
 13016 | Gauntlet | Noticed a death scarab
 13022 | Gauntlet | Found a transporter.
 13117 | Gauntlet | Found a transporter.
 13121 | Gauntlet | Found a transporter.
 13131 | Gauntlet | Found a transporter.
 13188 | Gauntlet | Reached skill level 5 in Invocations
 13361 | Gauntlet | Identified the +1 cloak of Attaar {-Cast rPois Stlth+}
 13399 | Gauntlet | Identified the ring of the Secret Gods {Fly rPois rCorr
                  | MP-9 Slay-6}
 13725 | Gauntlet | Identified the +1 hand axe "Peul" {speed, Int+3}
 13725 | Gauntlet | Noticed a minotaur
 13735 | Gauntlet | Killed a minotaur
 13736 | Gauntlet | Reached skill level 15 in Ranged Weapons
 13870 | D:11     | Found a staircase to the Lair.
 13927 | D:11     | Noticed Erolcha
 13930 | D:11     | Erolcha changed into Erolcha the cane toad
 13930 | D:11     | Noticed Erolcha
 13931 | D:11     | Erolcha the cane toad changed into Erolcha the hornet
 13931 | D:11     | Noticed Erolcha
 13936 | D:11     | Killed Erolcha the hornet
 13936 | D:11     | Received a gift from Okawaru
 14246 | Lair:1   | Entered Level 1 of the Lair of Beasts
 14387 | Lair:1   | Reached skill level 10 in Fighting
 14576 | Lair:1   | Reached XP level 13. HP: 94/104 MP: 17/17
 15868 | Lair:3   | Noticed Rupert
 16036 | Lair:3   | Received a gift from Okawaru
 16247 | Lair:3   | Killed Rupert
 16300 | Lair:3   | Noticed Gastronok
 16311 | Lair:3   | Killed Gastronok
 16410 | Lair:3   | Found a staircase to the Snake Pit.
 16500 | Lair:3   | Found a staircase to the Swamp.
 16742 | Lair:3   | Reached ****** piety under Okawaru
 16744 | Lair:3   | Acquired a +1 hand cannon of freezing
 16744 | Lair:3   | Received a gift from Okawaru
 16852 | Lair:3   | Received a gift from Okawaru
 17026 | Lair:3   | Identified the +3 short sword of the Establishment {spect,
                  | +Blink Will+ rCorr}
 17128 | Lair:3   | Noticed Fannar
 17135 | Lair:3   | Killed Fannar
 17588 | Lair:4   | Noticed Sonja
 17592 | Lair:4   | Sonja changed into Sonja the sky beast
 17592 | Lair:4   | Noticed Sonja
 17598 | Lair:4   | Killed Sonja the sky beast
 17599 | Lair:4   | Reached skill level 1 in Armour
 17879 | Lair:4   | Found a staircase to the Slime Pits.
 17881 | Lair:4   | Found a viscous altar of Jiyva.
 17984 | Lair:4   | Reached XP level 14. HP: 112/116 MP: 19/19
 17984 | Lair:4   | Acquired a recursive transmogrifier {rElec Will+ Clar RMsl}
 18554 | Lair:5   | Entered Level 5 of the Lair of Beasts
 18562 | Lair:5   | Received a gift from Okawaru
 19149 | Lair:5   | Received a gift from Okawaru
 19613 | Lair:5   | Identified the +1 plate armour of Subjectivity {+Inv rPois
                  | Slay+2}
 19865 | D:12     | Noticed Nergalle
 19873 | D:11     | Killed Nergalle
 19949 | D:12     | Noticed Urug
 19954 | D:12     | Killed Urug
 20028 | D:12     | Noticed Maurice
 20034 | D:12     | Killed Maurice
 20336 | D:12     | Found Hofietz's Distillery.
 20345 | D:12     | Bought a potion of attraction for 54 gold pieces
 20345 | D:12     | Bought a potion of heal wounds for 90 gold pieces
 20429 | D:13     | Received a gift from Okawaru
 20764 | D:13     | Found Ovaxoash's Armour Shop.
 20972 | D:13     | Found a portal to a secret trove of treasure.
 21571 | Orc:1    | Noticed an orc warlord
 21577 | Orc:1    | Killed an orc warlord
 21581 | Orc:1    | Reached skill level 10 in Dodging
 21591 | Orc:1    | Reached skill level 5 in Armour
 21678 | Orc:2    | Entered Level 2 of the Orcish Mines
 21686 | Orc:2    | Found a staircase to the Elven Halls.
 21708 | Orc:2    | Reached XP level 15. HP: 123/123 MP: 21/21
 21779 | Orc:2    | Noticed Jorgrun
 21840 | Orc:2    | Killed Jorgrun
 22024 | Orc:2    | Received a gift from Okawaru
 22124 | Orc:2    | Found Faixzus's Distillery.
 22124 | Orc:2    | Found Zyuwnuw's Antique Weapon Emporium.
 22126 | Orc:2    | Found Ameca's Magic Scroll Shop.
 22126 | Orc:2    | Found Zituduw's Antique Armour Emporium.
 22132 | Orc:2    | Bought a potion of haste for 120 gold pieces
 22132 | Orc:2    | Bought a potion of heal wounds for 60 gold pieces
 22135 | Orc:2    | Bought a scroll of teleportation for 36 gold pieces
 22136 | Orc:2    | Bought a pair of runed gloves for 195 gold pieces
 22369 | Orc:1    | Found Numamoxa's Distillery.
 22377 | Orc:1    | Bought a potion of invisibility for 96 gold pieces
 22901 | D:14     | Received a gift from Okawaru
 23005 | D:14     | Reached skill level 10 in Evocations
 23021 | D:14     | Found a gate to the Vaults.
 23046 | D:14     | Noticed an orc warlord
 23054 | D:14     | Killed an orc warlord
 23182 | D:14     | Received a gift from Okawaru
 23591 | D:14     | Found a roughly hewn altar of Beogh.
 23815 | D:15     | Entered Level 15 of the Dungeon
 24102 | D:15     | Reached XP level 16. HP: 130/130 MP: 22/22
 24110 | D:15     | Received a gift from Okawaru
 24280 | D:15     | Found Qeciw Caca's Distillery.
 24306 | D:15     | Bought a potion of enlightenment for 80 gold pieces
 24798 | D:15     | Received a gift from Okawaru
 25054 | D:15     | Found a staircase to the Depths.
 25350 | Snake:1  | Entered Level 1 of the Snake Pit
 25481 | Snake:1  | Reached skill level 10 in Invocations
 25634 | Snake:1  | Identified the +5 trident of Ybibbiusm {antimagic, rF+
                  | rCorr Str-5 SInv}
 25978 | Snake:1  | Acquired the +2 hat of Analysis {Will- Regen+ Dex+7}
 25978 | Snake:1  | Received a gift from Okawaru
 26062 | Snake:2  | Found a runed translucent gate.
 26062 | Snake:2  | Found a runed translucent gate.
 26062 | Snake:2  | Found a runed translucent gate.
 26068 | Snake:2  | Received a gift from Okawaru
 26070 | Snake:2  | Noticed Xewisus's ghost (adept CoBe)
 26086 | Snake:2  | Found Rijyagepp's General Store.
 26134 | Snake:2  | Found a flickering gateway to a bazaar.
 26144 | Bazaar   | Entered a bazaar
 26159 | Bazaar   | Found Suigeyse's Magic Scroll Shop.
 26163 | Bazaar   | Bought a scroll of enchant weapon for 52 gold pieces
 26163 | Bazaar   | Bought a scroll of enchant weapon for 52 gold pieces
 26163 | Bazaar   | Bought a scroll of teleportation for 21 gold pieces
 26163 | Bazaar   | Bought a scroll of fog for 28 gold pieces
 26190 | Bazaar   | Found Huwu's Magic Scroll Shop.
 26195 | Bazaar   | Bought a scroll of poison for 36 gold pieces
 26195 | Bazaar   | Bought a scroll of revelation for 67 gold pieces
 26195 | Bazaar   | Bought a scroll of teleportation for 27 gold pieces
 26195 | Bazaar   | Bought 3 scrolls of vulnerability for 108 gold pieces
 26195 | Bazaar   | Bought a scroll of teleportation for 27 gold pieces
 26195 | Bazaar   | Bought a scroll of teleportation for 27 gold pieces
 26213 | Bazaar   | Found Duxoxt's Distillery.
 26239 | Bazaar   | Found Utefaig's Distillery.
 26342 | Bazaar   | Bought 2 potions of curing for 42 gold pieces
 26342 | Bazaar   | Bought a potion of enlightenment for 35 gold pieces
 26342 | Bazaar   | Bought a potion of cancellation for 56 gold pieces
 26342 | Bazaar   | Bought a potion of curing for 21 gold pieces
 26342 | Bazaar   | Bought a potion of heal wounds for 35 gold pieces
 26342 | Bazaar   | Bought a potion of enlightenment for 35 gold pieces
 26486 | Snake:2  | Identified the ring "Ycozew" {rElec Str+4 Int+6}
 26544 | Snake:2  | Found Noutafic's Assorted Antiques.
 27140 | Snake:3  | Noticed a nagaraja
 27144 | Snake:3  | Killed a nagaraja
 27147 | Snake:3  | Noticed Mlioglotl
 27148 | Snake:3  | Noticed a hellephant
 27153 | Snake:3  | Killed Mlioglotl
 27212 | Snake:3  | Received a gift from Okawaru
 27266 | Snake:3  | Found Quufas's Jewellery Shop.
 27267 | Snake:3  | Found Teit's Book Shoppe.
 27268 | Snake:3  | Found Raf Quic's Jewellery Shop.
 27289 | Snake:3  | Noticed Donald
 27292 | Snake:3  | Killed Donald
 27367 | Snake:3  | Reached XP level 17. HP: 126/136 MP: 25/25
 28090 | Snake:4  | Entered Level 4 of the Snake Pit
 28091 | Snake:4  | Received a gift from Okawaru
 28422 | Snake:4  | Reached skill level 10 in Armour
 28706 | Snake:4  | Received a gift from Okawaru
 28734 | Snake:4  | HP: 4/136 [constriction (7)]
 29033 | Snake:4  | Received a gift from Okawaru
 29080 | Snake:4  | Noticed Vashnia
 29088 | Snake:4  | Killed Vashnia
 29131 | Snake:4  | Found an iron altar of Okawaru.
 29176 | Snake:4  | Got a serpentine rune of Zot
 29848 | Swamp:1  | Entered Level 1 of the Swamp
 29854 | Swamp:1  | Received a gift from Okawaru
 29900 | Swamp:1  | Reached XP level 18. HP: 136/143 MP: 28/28
 30484 | Swamp:2  | Noticed Louise
 30494 | Swamp:2  | Killed Louise
 30881 | Swamp:3  | Received a gift from Okawaru
 30897 | Swamp:3  | Noticed Roxanne
 30909 | Swamp:3  | Killed Roxanne
 31209 | Swamp:4  | Entered Level 4 of the Swamp
 31491 | Swamp:4  | Received a gift from Okawaru
 31586 | Swamp:4  | Noticed the 27-headed Lernaean hydra
 31592 | Swamp:4  | Killed the 27-headed Lernaean hydra
 31790 | Swamp:4  | Received a gift from Okawaru
 31876 | Swamp:4  | Got a decaying rune of Zot
 32172 | Snake:2  | Killed Xewisus's ghost
 32704 | D:3      | Killed BigDaddyOpFi's ghost
 32804 | D:4      | Killed Crazy Yiuf
 32970 | Elf:1    | Entered Level 1 of the Elven Halls
 32980 | Elf:1    | Reached XP level 19. HP: 154/154 MP: 29/29
 32989 | Elf:1    | Reached skill level 15 in Fighting
 33393 | Elf:1    | Identified the ring "Zacra" {Ice rPois Str-2 Int+8 SInv}
 34070 | Elf:2    | Received a gift from Okawaru
 34380 | Elf:2    | Reached skill level 15 in Evocations
 34400 | Elf:2    | Found a runed translucent gate.
 34400 | Elf:2    | Found a runed translucent gate.
 34400 | Elf:2    | Found a runed translucent gate.
 34551 | Elf:3    | Entered Level 3 of the Elven Halls
 34581 | Elf:3    | Found a magical portal.
 34590 | WizLab   | Entered Alistair's Party Mansion
 34839 | WizLab   | Received a gift from Okawaru
 35186 | WizLab   | Noticed a golden dragon
 35188 | WizLab   | Paralysed by a sphinx for 4 turns
 35353 | WizLab   | Got Weim's Precepts of Iosis
 35559 | Elf:3    | Identified the +4 mace "Cuwer" {speed, ^Fragile rPois Dex+3
                  | Stlth+}
 35640 | Elf:3    | Received a gift from Okawaru
 35745 | Elf:3    | Noticed a Tzitzimitl
 35797 | Elf:3    | Reached skill level 15 in Dodging
 35797 | Elf:3    | Reached XP level 20. HP: 165/165 MP: 30/30
 35901 | Abyss:2  | Cast into level 2 of the Abyss (a deep elf demonologist)
 35909 | Elf:3    | Escaped the Abyss
 35972 | Elf:3    | Received a gift from Okawaru
 36379 | D:13     | You paid a toll of 2 scrolls of acquirement to enter a
                  | treasure trove
 36380 | Trove    | Entered a treasure trove
 36437 | Trove    | Identified the ring "Myges" {rPois rN+ Stlth+}
 36438 | Trove    | Identified the ring "Ysexeneb" {Wiz rF+ SInv}
 36930 | Elf:2    | Received a gift from Okawaru
 37458 | Elf:3    | Identified the +2 robe of Ravioli {rPois rF+ Int-5}
 37516 | Elf:3    | Identified the staff of Intuition {rC+ Hexes Ice}
 37517 | Elf:3    | Identified the amulet "Oduapri" {Rampage rPois Regen+ Int+2
                  | Dex+3}
 37521 | Elf:3    | Identified the +8 hand axe of Ujouwiar {venom, ^Drain Str-4
                  | Dex+8}
 37597 | Elf:3    | Identified the +8 great sword of Wrath {freeze, MP+9 Str+2}
 37727 | Elf:3    | Identified the staff of Rawuocug {rN+ Conj}
 37754 | Elf:3    | Received a gift from Okawaru
 37758 | Elf:3    | Reached skill level 5 in Stealth
 37780 | Elf:3    | Found Voup's Assorted Antiques.
 37858 | Elf:3    | Identified the +8 mace of Termination {drain, rElec rF+ rC+
                  | rCorr}
 37952 | Elf:3    | Identified the +3 mace "Wulaif" {antimagic, ^Contam Will+
                  | Str+5}
 38158 | Elf:3    | Identified the +0 robe of the Treeataur {*Corrode +Blink
                  | rF++ Str+3}
 38158 | Elf:3    | Identified the ring of Xiaweusm {Fire rPois Will- Str+2}
 38896 | Elf:3    | Found Voup's Assorted Antiques.
 39281 | Vaults:1 | Entered Level 1 of the Vaults
 39358 | Vaults:1 | Received a gift from Okawaru
 39762 | Vaults:1 | Reached XP level 21. HP: 176/176 MP: 31/31
 39800 | Vaults:1 | Received a gift from Okawaru
 40403 | Vaults:1 | Noticed Nikola
 40412 | Vaults:1 | Killed Nikola
 40412 | Vaults:1 | Received a gift from Okawaru
 40845 | Vaults:2 | Found Soyni's Antique Weapon Shop.
 40870 | Vaults:2 | Identified the +3 trident of Circular Logic {flame,
                  | *Corrode rF+ Str+4}
 41129 | Vaults:2 | Received a gift from Okawaru
 41178 | Vaults:2 | Found a staircase to the Crypt.
 41778 | Vaults:2 | Found a runed translucent gate.
 41778 | Vaults:2 | Found a runed translucent gate.
 41778 | Vaults:2 | Found a runed translucent gate.
 41780 | Vaults:2 | Noticed Ruxt's ghost (adept MiFi)
 41989 | Vaults:2 | Found an iron altar of Okawaru.
 42146 | Vaults:3 | Identified the +1 arbalest of a volcano {heavy, Will+
                  | Int+2}
 42590 | Vaults:3 | Received a gift from Okawaru
 42914 | Vaults:3 | Found Vonux's Assorted Antiques.
 42924 | Vaults:3 | Bought a lightning rod (4/4) for 1640 gold pieces
 42924 | Vaults:3 | Bought a scroll of blinking for 307 gold pieces
 43078 | Vaults:3 | Reached XP level 22. HP: 188/188 MP: 32/32
 43198 | Vaults:3 | Received a gift from Okawaru
 43389 | Vaults:4 | Received a gift from Okawaru
 44554 | Depths:1 | Entered Level 1 of the Depths
 44823 | Depths:1 | Learned a level 1 spell: Apportation
 45085 | Snake:3  | Bought a book of Weapons for 476 gold pieces
 45090 | Snake:3  | Learned a level 4 spell: Dimensional Bullseye
 45376 | Depths:1 | Found a one-way gate leading to the halls of Pandemonium.
 45516 | Depths:1 | Reached skill level 1 in Translocations
 45528 | Depths:1 | Received a gift from Okawaru
 45550 | Depths:1 | Reached skill level 1 in Hexes
 45567 | Depths:1 | Reached skill level 1 in Spellcasting
 45667 | Depths:1 | Found a gateway to Hell.
 45694 | Depths:1 | Found a one-way gate to the infinite horrors of the Abyss.
 45746 | Depths:1 | Noticed a caustic shrike
 45748 | Depths:1 | Noticed a caustic shrike
 45756 | Depths:1 | Killed a caustic shrike
 45761 | Depths:1 | Killed a caustic shrike
 45841 | Depths:1 | Learned a level 3 spell: Fugue of the Fallen
 46036 | Depths:2 | Found a one-way gateway to a ziggurat.
 46067 | Depths:2 | Noticed a juggernaut
 46071 | Depths:2 | Reached skill level 1 in Necromancy
 46080 | Depths:2 | Killed a juggernaut
 46082 | Depths:2 | Noticed a juggernaut
 46096 | Depths:2 | Killed a juggernaut
 46096 | Depths:2 | Received a gift from Okawaru
 46097 | Depths:2 | Reached XP level 23. HP: 92/194 MP: 31/33
 46296 | Depths:2 | Identified the ring of Asceticism {Ice Str+2 Slay+2 Stlth+}
 46581 | Depths:2 | Identified the +6 glaive of Midnight {vamp, rF+}
 46651 | Depths:2 | Received a gift from Okawaru
 46767 | Depths:2 | Reached skill level 5 in Translocations
 47138 | Depths:3 | Found Kaafucih's Book Boutique.
 47219 | Depths:3 | Reached skill level 5 in Hexes
 47297 | Depths:3 | You fall into a shaft and drop 1 floor!
 47297 | Depths:4 | Entered Level 4 of the Depths
 47307 | Depths:4 | Noticed a juggernaut
 47317 | Depths:4 | Killed a juggernaut
 47318 | Depths:4 | Reached skill level 5 in Necromancy
 47777 | Depths:3 | Found a runed translucent door.
 47778 | Depths:3 | Found a runed translucent door.
 47779 | Depths:3 | Found a runed translucent door.
 47790 | Depths:3 | Identified the amulet of Laquh {Spirit -Cast rElec Will+++
                  | Dex+3}
 47790 | Depths:3 | Identified the ring of Ashenzari's Grace {rF+ Str+2}
 47796 | Depths:3 | Identified the ring "Xyri" {rElec rCorr Dex+3 Stlth+}
 47798 | Depths:3 | Received a gift from Okawaru
 47856 | Depths:3 | Identified the amulet "Ityisets" {Acrobat Regen+}
 49080 | Depths:4 | Noticed a golden dragon
 49086 | Depths:4 | Killed a golden dragon
 49146 | Depths:4 | Found a gate to the Realm of Zot.
 49164 | Depths:4 | Received a gift from Okawaru
 49231 | Depths:4 | Identified the +6 rapier of a wizard's laboratory {chaos,
                  | Dex+4}
 49253 | Depths:4 | Identified the +1 robe of the Harvest {Str-3 SInv Archmagi}
 49546 | Depths:4 | Found a runed translucent door.
 50094 | Slime:1  | Entered Level 1 of the Pits of Slime
 50234 | Slime:1  | Reached XP level 24. HP: 183/202 MP: 33/33
 50903 | Slime:3  | Received a gift from Okawaru
 50992 | Slime:3  | You fall into a shaft and drop 1 floor!
 51075 | Slime:5  | Entered Level 5 of the Pits of Slime
 51093 | Slime:5  | Gained mutation: You are dopey. (Int -2) [a shining eye]
 52078 | Slime:3  | Found a viscous altar of Jiyva.
 52351 | Slime:4  | Received a gift from Okawaru
 52511 | Slime:5  | Noticed the Royal Jelly
 53067 | Slime:5  | Found a viscous altar of Jiyva.
 53531 | Slime:5  | Killed the Royal Jelly
 53686 | Slime:5  | Identified the +5 falchion "Nuckytz" {spect, *Rage Fly rN++
                  | Int+2}
 53689 | Slime:5  | Got a slimy rune of Zot
 53730 | Slime:5  | Got the Disquisition on the Marshalled Compass
 53807 | Slime:5  | Learned a level 4 spell: Vhi's Electric Charge
 53837 | Slime:5  | Identified the +1 robe of the Blind Marksman {rF- rC+ rN+}
 54488 | Zot:1    | Entered Level 1 of the Realm of Zot
 54670 | Zot:1    | Received a gift from Okawaru
 55198 | Zot:1    | Reached skill level 1 in Air Magic
 55654 | Zot:1    | Reached XP level 25. HP: 143/208 MP: 0/33
 55884 | Zot:1    | Received a gift from Okawaru
 55901 | Zot:2    | Noticed a juggernaut
 56047 | Zot:2    | Reached skill level 10 in Stealth
 56167 | Zot:2    | Noticed an orb of fire
 56503 | Zot:2    | Gained mutation: Your magical capacity is low. (-10% MP)
                  | [an orb of fire]
 56506 | Zot:2    | Killed an orb of fire
 56507 | Zot:2    | Reached skill level 10 in Translocations
 56792 | Zot:3    | Received a gift from Okawaru
 56797 | Zot:3    | Reached skill level 5 in Air Magic
 57025 | Zot:3    | Reached skill level 5 in Spellcasting
 57183 | Zot:2    | Killed a juggernaut
 57818 | Zot:2    | Received a gift from Okawaru
 58363 | Zot:3    | You fall into a shaft and drop 1 floor!
 58655 | Zot:4    | Noticed an orb of fire
 58657 | Zot:4    | Gained mutation: You sometimes lose your temper in combat.
                  | [an orb of fire]
 58658 | Zot:4    | Gained mutation: Your magical capacity is very low. (-20%
                  | MP) [an orb of fire]
 58664 | Zot:4    | Killed an orb of fire
 58788 | Zot:4    | Received a gift from Okawaru
 59166 | Zot:4    | Lost mutation: You sometimes lose your temper in combat.
                  | [potion of mutation]
 59166 | Zot:4    | Lost mutation: You are dopey. (Int -2) [potion of mutation]
 59166 | Zot:4    | Lost mutation: Your magical capacity is very low. (-20% MP)
                  | [potion of mutation]
 59199 | Zot:5    | Entered Level 5 of the Realm of Zot
 59222 | Zot:5    | Found a radiant altar of Vehumet.
 59226 | Zot:5    | Reached XP level 26. HP: 213/214 MP: 30/30
 59451 | Zot:5    | Reached skill level 15 in Stealth
 59489 | Zot:5    | Found a stormy altar of Qazlal.
 59506 | Zot:5    | Noticed an orb of fire
 59506 | Zot:5    | Noticed a Killer Klown
 59506 | Zot:5    | Noticed an orb of fire
 59506 | Zot:5    | Noticed a dread lich
 59506 | Zot:5    | Noticed a Killer Klown
 59506 | Zot:5    | Noticed an ancient lich
 59506 | Zot:5    | Noticed a Killer Klown
 59506 | Zot:5    | Noticed a dread lich
 59510 | Zot:5    | Reached XP level 27. HP: 190/222 MP: 30/30
 59512 | Zot:5    | Got the Orb of Zot
 59520 | Zot:5    | Noticed an orb of fire
 59520 | Zot:5    | Noticed an orb of fire
 59802 | D:12     | Received a gift from Okawaru
 59906 | D:8      | Noticed Nokuomm the pandemonium lord
 60069 | D:$      | Escaped with the Orb!

Illustrated notes

Levels and vault maps discovered:
D:1:      dpeg_arrival_oval, layout_loops_ring
D:2:      layout_basic, minmay_misc_feat_hallway, uniq_jessica
D:3:      layout_basic, nicolae_wu_jian_wuxing_cycle, lemuel_doored_altar,
          basic_ecumenical_altar, ebering_ghost_reflecting_pool
D:4:      layout_gridville, xom_confusion_cloud,
          gammafunk_temple_overflow_statue,
          lightli_ossuary_entry_decrepit_ruins, skrybe_limestone_x,
          abandoned_shop, uniq_crazy_yiuf_cottage
D:5:      layout_loops_ring, minmay_increasing_density, uniq_sigmund,
          uniq_prince_ribbit1
D:6:      layout_layer_cave, hellmonk_sif_muna_bookshelves,
          mainiacjoe_overflow_tiny_flanked, ashenzari_conservatory_becter,
          minmay_temple_entry_statues_fountains
D:7:      layout_loops_ring, minmay_misc_feat_square,
          minmay_misc_feat_secret_circle
D:8:      cheibrodos_quashed, layout_loops_cross, mainiacjoe_overflow_chevrons,
          serial_shops, shop, enter_bailey_2
D:9:      layout_basic, lemuel_crystal_altar, jmf_multi_god_temple2,
          zombieorc2_lemuel, special_room [special_room_orc], uniq_grum,
          uniq_maggie
D:10:     layout_rooms, lemuel_tele_altar, einodemon_armed_red_devil_minivault
D:11:     layout_roguey, david_lair_generic, gauntlet_entry_generic,
          uniq_erolcha
D:12:     layout_rooms, serial_shops, nicolae_lakefront_shop, uniq_urug,
          uniq_maurice, uniq_nergalle
D:13:     layout_basic, serial_shops, shop, nicolae_trove_entry_crystal
D:14:     orc_temple, layout_cave_pods, david_vaults_1,
          hangedman_decor_clover_reticule
D:15:     kennysheep_seaside_town, layout_loops_corners, serial_shops,
          nicolae_shop_statue_plus, patterned_corridor, lemuel_flamethrower_3
Temple:   pf_slimified_temple
Lair:1:   layout_small_grid
Lair:2:   layout_cave_pods
Lair:3:   nzn_winding_woodlands_three_and_one
          [nzn_winding_woodlands_5x15_split_checker,
          nzn_winding_woodlands_5x15_pockets,
          nzn_winding_woodlands_5x15_lazy_stream,
          nzn_winding_woodlands_center_diamonds], layout_cave_shapes,
          minmay_swamp_entry_worms, guppyfry_snake_entry_island,
          nicolae_lair_run_with_the_wolves, serial_bayou_shore_a, uniq_rupert,
          uniq_gastronok, uniq_fannar
Lair:4:   layout_cave_pods, minmay_slime_entry_oklob_open, beast_lair_carwin_1,
          lemuel_fruit_fields, uniq_sonja
Lair:5:   grunt_lair_end_beastmaster, layout_gridlike
Swamp:1:  layout_basic_swamp, evilmike_swamp_ruin_house_5
Swamp:2:  layout_basic_swamp, nicolae_swamp_some_circles, uniq_louise
Swamp:3:  layout_basic_swamp, serial_swamp_ruin, evilmike_swamp_ruin_house_6,
          evilmike_swamp_ruin_house_4, nicolae_swamp_decorative_isthmus,
          uniq_roxanne
Swamp:4:  grunt_swamp_rune_castle, layout_basic_swamp, swamp_pool_4,
          hangedman_swamp_dais
Snake:1:  kennysheep_six_static_rooms, layout_misc_corridors
Snake:2:  layout_cave_pods, gammafunk_ghost_split, special_room, serial_shops,
          bzr_firewalk, nicolae_take_the_stairs, minmay_shop_star
Snake:3:  layout_honeycomb, minmay_shop_grove, uniq_mlioglotl, uniq_donald
Snake:4:  grunt_snake_rune_serpentine_throne, layout_chambers
Slime:1:  layout_caves
Slime:2:  layout_caves
Slime:3:  layout_caves, basic_altar, nicolae_slime_welcoming_committee
Slime:4:  layout_caves
Slime:5:  slime_pit_nicolae_trefoil
Orc:1:    layout_diamond_mine, serial_shops, nicolae_shop_peninsula
Orc:2:    grunt_orc_tribal_feast, layout_diamond_mine, uniq_jorgrun
Elf:1:    nicolae_elf_arrival_no_cutting_in_line, layout_loops_corners,
          evilmike_minifort, regret_index_elf_centigrade
Elf:2:    elven_hall_of_blades_hangedman_original
          [nicolae_blade_entry_hurt_lockers], layout_rooms
Elf:3:    grunt_elf_hall_branching, layout_gridlike, mu_enter_wizlab_6,
          serial_shops, shop, drop_trap, due_unseen_surprise
Vaults:1: nicolae_vaults_meiosis, nicolae_vaults_crenellated_ambush,
          v_alt_pattern_2, nicolae_vaults_border_crossing,
          nicolae_vaults_tetromino_L_1, nicolae_vaults_two_Ls,
          nicolae_vaults_trapezoid_lopsided_1, layout_vaults_omnigrid,
          uniq_nikola
Vaults:2: gammafunk_ghost_fury_of_okawaru, nicolae_vaults_little_squares_6,
          st_octagons_2, blue_anna_dwarven_crypt,
          nicolae_vaults_network_periphery, nicolae_vaults_tangram_2,
          v_pattern_1, nicolae_vaults_layer_cake_slice,
          vaults_mumra_minichess_inversion, nicolae_vaults_steering_wheel,
          layout_vaults_big_cross, serial_shops, shop
Vaults:3: portal_desolation_entry_nicolae_slug, nicolae_vaults_wine_cellar,
          nicolae_vaults_tangram_2, vaults_room_fours, v_rooms_2,
          nicolae_vaults_trapezoid_layered, vaults_mumra_lcd,
          ontoclasm_vaults_ring_large, nicolae_vaults_heist,
          nicolae_vaults_shelves_hall, layout_vaults_chaotic_city, serial_shops,
          nicolae_lakefront_shop
Vaults:4: nicolae_vaults_tetromino_T_1, serial_library_hellmonk_angled_corner,
          nicolae_vaults_big_angled_halls, nicolae_vaults_surprise_closet,
          vaults_standard_mumra_enter_the_diamond, vaults_dpeg_diagonal,
          v_misc_14, nicolae_vaults_frosty_reception,
          ontoclasm_vaults_misaligned, nicolae_vaults_shelves_hall,
          vaults_mumra_chevron, nicolae_vaults_octothorpe, st_eye,
          layout_vaults_ring
Depths:1: layout_roguey, abyss_entry, hell_entry, pan_entry, hangedman_aviary
Depths:2: nicolae_fronds_of_death, layout_cross, hell_entry, pan_entry
Depths:3: minmay_the_grid_triangle_9x9_rhombus_thin
          [minmay_the_grid_triangle_9x9_fully_insulated_deathbox,
          minmay_the_grid_triangle_9x9_prize_special,
          minmay_the_grid_triangle_9x9_zippers_vertical,
          minmay_the_grid_triangle_9x9_flanged_cone], layout_basic, abyss_entry,
          serial_shops, shop, small_statue_intersection, hell_entry,
          kennysheep_random_hallway
Depths:4: grunt_crosshair, layout_cave_pools, grunt_hell_entry_dis_mu,
          hex_medium, grunt_ministairs_14, lightli_giant_bouncers
Zot:1:    layout_gridlike, skrybe_zot_glass_2, grunt_megastairs_4
Zot:2:    ebering_greatest_show_in_zot, layout_basic
Zot:3:    layout_onion_interference, hangedman_zot_gyre, grunt_megastairs_5
Zot:4:    layout_onion_interference
Zot:5:    layout_onion, grunt_ministairs_4, hangedman_zot_decor_scrapings,
          hangedman_feature_mirror, regret_index_zotdec_onion_hex

Skill      XL: |  1  2  3  4  5  6  7  8  9 10 11 12 13 14 15 16 17 18 19 20 21 22 23 24 25 26 |
---------------+-------------------------------------------------------------------------------+-----
Stealth        | 1 2 4 6 9 14 15 | 15.2
Ranged Weapons | 4 5 6 7 8 10 12 13 14 15 16 17 18 19 | 19.9
Evocations     | 5 6 7 10 13 15 16 17 18 19 | 19.3
Fighting       | 4 7 10 12 13 14 16 17 19 | 19.5
Dodging        | 2 5 7 8 10 11 12 13 15 16 18 19 | 19.1
Invocations    | 1 4 6 7 8 11 13 14 | 14.1
Armour         | 1 5 7 9 11 12 14 | 14.2
Translocations | 3 8 9 10 | 10.0
Hexes          | 3 7 8 |  8.0
Spellcasting   | 3 4 6 |  6.0
Necromancy     | 2 6 8 |  8.0
Air Magic      | 2 5 |  5.0

Action                     |  1- 3 |  4- 6 |  7- 9 | 10-12 | 13-15 | 16-18 | 19-21 | 22-24 | 25-27 || total
---------------------------+-------+-------+-------+-------+-------+-------+-------+-------+-------++-------
   Fire: Sling             |    78 |   302 |   692 |   963 |   185 |       |       |       |       ||  2220
         Hand cannon       |       |       |       |   407 |  1381 |  1582 |  1820 |  2026 |   876 ||  8092
  Throw: Dart              |       |       |       |     5 |       |       |       |     2 |       ||     7
         Throwing net      |       |       |       |       |       |       |       |     1 |     1 ||     2
   Cast: Fugue of the Fall |       |       |       |       |       |       |       |     9 |     4 ||    13
         Dimensional Bulls |       |       |       |       |       |       |       |    15 |     1 ||    16
 Invoke: Heroism           |       |       |       |     3 |       |       |       |     1 |       ||     4
         Finesse           |       |       |       |     1 |     1 |     5 |     4 |     6 |     4 ||    21
         Receive Weapon    |       |       |       |       |     1 |       |       |       |       ||     1
         Receive Armour    |       |       |       |       |       |     1 |       |       |       ||     1
Ability: Invent Gizmo      |       |       |       |       |     1 |       |       |       |       ||     1
  Evoke: Wand              |       |       |     1 |     8 |     2 |     4 |     2 |     1 |     3 ||    21
         Phial of floods   |       |       |       |       |       |       |     2 |       |       ||     2
         Lightning rod     |       |       |       |       |       |       |       |     8 |       ||     8
    Use: Scroll            |       |     1 |       |    14 |     2 |    11 |    10 |    10 |     9 ||    57
         Potion            |       |     6 |     2 |     5 |       |     5 |       |       |    12 ||    30
 Armour: Leather armour    |     2 |       |       |       |       |       |       |       |       ||     2
         Robe              |       |    53 |    96 |    13 |       |       |    59 |   205 |   160 ||   586
         Skin              |       |    25 |       |       |       |       |       |       |       ||    25
         Steam dragon scal |       |       |    11 |   105 |       |       |       |       |       ||   116
         Troll leather arm |       |       |       |    30 |   106 |   151 |    77 |       |       ||   364
  Dodge: Dodged            |     5 |    46 |    51 |   149 |   132 |   239 |   240 |   663 |   373 ||  1898
         Repelled          |       |       |       |       |    18 |    43 |    35 |    40 |    20 ||   156

Table legend: (Time is in decaauts)
 A = Elapsed time spent in this place.
 B = Non-inter-level travel time spent in this place.
 C = Inter-level travel time spent in this place.
 D = Time resting spent in this place.
 E = Time spent auto-exploring this place.
 F = Levels seen in this place.
 G = Mean time per level.
                   A        B        C        D        E       F      G
               +--------+--------+--------+--------+--------+-----+--------+
         Total |  60312 |  52931 |   7381 |   8477 |  34951 |  59 | 1022.2 |
       Dungeon |  17885 |  14670 |   3215 |   1638 |  10457 |  15 | 1192.3 |
        Temple |     34 |      1 |     33 |      0 |      0 |   1 |   34.0 |
          Lair |   6147 |   5227 |    920 |    622 |   3900 |   5 | 1229.4 |
         Swamp |   2388 |   2214 |    174 |    145 |   1624 |   4 |  597.0 |
     Snake Pit |   4775 |   4266 |    509 |    447 |   3181 |   4 | 1193.8 |
    Slime Pits |   4048 |   3803 |    245 |   1406 |   1825 |   5 |  809.6 |
  Orcish Mines |   1344 |    994 |    350 |    100 |    586 |   2 |  672.0 |
   Elven Halls |   4871 |   4307 |    564 |    548 |   2981 |   3 | 1623.7 |
        Vaults |   5147 |   4712 |    435 |    120 |   3759 |   4 | 1286.8 |
        Depths |   4341 |   3759 |    582 |    530 |   2499 |   4 | 1085.2 |
           Zot |   5061 |   4712 |    349 |    881 |   2963 |   5 | 1012.2 |
         Abyss |      8 |      8 |      0 |      0 |      0 |   1 |    8.0 |
        Bazaar |    210 |    210 |      0 |      0 |     93 |   1 |  210.0 |
         Trove |     79 |     79 |      0 |      0 |     39 |   1 |   79.0 |
       Ossuary |    536 |    536 |      0 |    243 |    174 |   1 |  536.0 |
        Bailey |   1719 |   1719 |      0 |    928 |    472 |   1 | 1719.0 |
        Wizlab |    930 |    930 |      0 |    438 |    219 |   1 |  930.0 |
      Gauntlet |    781 |    781 |      0 |    428 |    176 |   1 |  781.0 |
               +--------+--------+--------+--------+--------+-----+--------+

Top non-repeatable levels by time:
   Elf:3: 2378 daAuts
 Slime:5: 2105 daAuts
    D:15: 1885 daAuts
     D:6: 1722 daAuts
  Bailey: 1719 daAuts
  Lair:3: 1703 daAuts
 Snake:4: 1630 daAuts
     D:5: 1609 daAuts
    D:13: 1571 daAuts
   Zot:1: 1547 daAuts
     D:9: 1518 daAuts
   Zot:2: 1455 daAuts
Vaults:1: 1442 daAuts
Vaults:2: 1440 daAuts
Depths:1: 1316 daAuts
